 Dungeon Crawl Stone Soup version 0.31-a0-188-g5e087ee2ca (webtiles) character file.

Game seed: 4612514515918380485

134 qw the Skirmisher (level 4, -2/25 HPs)
             Began as a Deep Elf Hunter on June 23, 2023.
             Slain by a lemure (5 damage)
             ... led by Pikel
             ... on level 4 of the Dungeon.
             The game lasted 00:00:58 (2640 turns).

qw the Skirmisher (Deep Elf Hunter)                 Turns: 2640, Time: 00:00:58

Health: -2/25      AC:  5    Str: 16    XL:     4   Next: 95%
Magic:  6/6        EV: 12    Int: 14    God:
Gold:   149        SH:  0    Dex: 24    Spells: 3/3 levels left

rFire   . . .        Y - +1 shortbow
rCold   . . .        (shield currently unavailable)
rNeg    . . .        h - +0 ring mail
rPois   .            (no helmet)
rElec   .            (no cloak)
rCorr   .            (no gloves)
SInv    .            (no boots)
Will    .....        g - amulet of regeneration
Stlth   ++           f - +6 ring of strength
HPRegen 1.04/turn    j - +6 ring of dexterity
MPRegen 0.10/turn

%: no passive effects
@: no status effects
A: no striking features
a: no special abilities


You were on level 4 of the Dungeon.
You visited 1 branch of the dungeon, and saw 4 of its levels.

You collected 149 gold pieces.


   Skills:
 - Level 1.5 Fighting
 + Level 8.0 Ranged Weapons
 - Level 3.1 Dodging
 - Level 1.2 Stealth


You had 3 spell levels left.
You didn't know any spells.
Your spell library was empty.

Inventory:

Hand Weapons
 Y - a +1 shortbow (weapon)
Armour
 h - a +0 ring mail (worn)
Jewellery
 f - a +6 ring of strength (left hand)
 g - an amulet of regeneration (around neck)
 j - a +6 ring of dexterity (right hand)
Scrolls
 a - a scroll of identify
Potions
 b - a potion of magic {unknown}
 d - a potion of heal wounds {unknown}
 e - a potion of might {unknown}
 i - a potion of resistance {unknown}
 l - a potion of brilliance {unknown}
 m - a potion of attraction {unknown}
 n - a potion of haste {unknown}

Dungeon Overview and Level Annotations

Branches:
Dungeon (4/15)
 Temple: D:4-7

Altars:
Yredelemnul

Shops:
D:2 (

Annotations:
D:4 Edmund, Pikel


Message History

Enter note: You shoot an arrow.
The arrow hits the orc.
You kill the orc!
You hear a shout! x5 2 lemures, an orc priest and an orc come into view.
Found a ring of positive energy and a long sword.
The lemure shouts!
The orc priest shouts!
The orc shouts!
You hear a shout!
Edmund the Younger comes into view.
He is wielding a +1 flail of protection.
Enter note: You shoot an arrow.
The arrow hits the lemure.
The lemure is lightly wounded.
A lemure comes into view.
The orc priest calls down the wrath of Beogh upon you.
Beogh smites you!
Ouch! That really hurt!
A lemure comes into view.
The lemure misses you.
You shoot an arrow. The arrow barely misses the lemure.
The arrow hits the lemure but does no damage.
The lemure hits you.
You shoot an arrow. The arrow closely misses the lemure.
The arrow hits the lemure!
The lemure is moderately wounded.
The lemure hits you. The lemure hits you!
You shoot an arrow. The arrow hits the lemure.
The lemure is lightly wounded.
The lemure closely misses you.
You shoot an arrow.
The arrow hits the lemure but does no damage.
The lemure is lightly wounded.
Pikel, Merchant of Souls comes into view.
He is wielding a +2 whip of freezing and wearing a +2 robe of resistance.
The lemure hits you.
You shoot an arrow.
The arrow hits the lemure but does no damage.
The lemure is lightly wounded.
The lemure hits you but does no damage.
You shoot an arrow. The arrow misses the lemure.
The arrow hits the lemure.
The lemure is heavily wounded.
The lemure hits you.
You die...

###.#.###.#...#.###.#.#
#...#.# #.##.##.# ..#.#
#####.####.###.## .#
#........#.###.#
#.###.#####.#%##
#.......#...#
#.#..#.###'##
#.#.....#...# #
#..#@##...# ####5##.~.#
K55#.~.# 5o@##.~.#
....##...# #.=.)##...#
#.....##'## .)....#...#
##...# ##.#.## .....#


You could see Edmund, Pikel, 4 lemures and an orc.

Vanquished Creatures
  An orc wizard (D:3)
  4 adders (D:2)
  2 worms (D:2)
  2 dart slugs
  5 orcs
  5 ball pythons
  3 endoplasms
  3 giant cockroaches
  A goblin (D:4)
  5 hobgoblins
  5 kobolds
  4 quokkas
  5 bats
  8 frilled lizards
  9 rats
62 creatures vanquished.

Notes
Turn   | Place    | Note
-------+----------+-------------------------------------------
     0 | D:1      | qw the Deep Elf Hunter began the quest for the Orb.
     0 | D:1      | Reached XP level 1. HP: 12/12 MP: 3/3
     0 | D:1      | 0 ||| qw: Version: 0.3-a-9-g12657ce
     0 | D:1      | 0 ||| qw: Game counter: 4289
     0 | D:1      | 0 ||| qw: Always use a shield: true
     0 | D:1      | 0 ||| qw: God list: Okawaru
     0 | D:1      | 0 ||| qw: Allow faded altars: false
     0 | D:1      | 0 ||| qw: Do Orc after D:15 true
     0 | D:1      | 0 ||| qw: Do second Lair branch before Depths: true
     0 | D:1      | 0 ||| qw: Lair rune preference: random
     0 | D:1      | 0 ||| qw: Plans: Normal
     0 | D:1      | 0 ||| PLANNING D:1-11
   293 | D:1      | Reached XP level 2. HP: 16/16 MP: 4/4
   308 | D:1      | Reached skill level 6 in Ranged Weapons
   801 | D:1      | 801 ||| UPGRADING to +0 ring mail.
   811 | D:1      | 811 ||| DROPPING +0 leather armour.
   812 | D:1      | 812 ||| UPGRADING to +6 ring of strength.
   813 | D:1      | 813 ||| UPGRADING to +6 ring of dexterity.
   814 | D:1      | 814 ||| DROPPING ring of positive energy.
   815 | D:1      | 815 ||| READING scroll labelled IKLIM GOUDEESTRAA.
   816 | D:1      | 816 ||| DROPPING scroll of butterflies.
   846 | D:2      | 846 ||| STAIRDANCE
   850 | D:2      | 850 ||| STAIRDANCE
   854 | D:2      | 854 ||| STAIRDANCE
   858 | D:2      | 858 ||| STAIRDANCE
   862 | D:2      | 862 ||| STAIRDANCE
   866 | D:2      | 866 ||| STAIRDANCE
   870 | D:2      | 870 ||| STAIRDANCE
   874 | D:2      | 874 ||| STAIRDANCE
   878 | D:2      | 878 ||| STAIRDANCE
   882 | D:2      | 882 ||| STAIRDANCE
   886 | D:2      | 886 ||| STAIRDANCE
   890 | D:2      | 890 ||| STAIRDANCE
   894 | D:2      | 894 ||| STAIRDANCE
   898 | D:2      | 898 ||| STAIRDANCE
   902 | D:2      | 902 ||| STAIRDANCE
   906 | D:2      | 906 ||| STAIRDANCE
   910 | D:2      | 910 ||| STAIRDANCE
   914 | D:2      | 914 ||| STAIRDANCE
   918 | D:2      | 918 ||| STAIRDANCE
   922 | D:2      | 922 ||| STAIRDANCE
   931 | D:1      | 931 ||| Stepping randomly (stuck).
   967 | D:2      | Reached XP level 3. HP: 9/20 MP: 5/5
  1168 | D:2      | Reached skill level 7 in Ranged Weapons
  1309 | D:2      | Reached skill level 3 in Dodging
  1429 | D:2      | Found Etuhukk's Weapon Shop.
  1433 | D:2      | Reached XP level 4. HP: 25/25 MP: 6/6
  1904 | D:2      | 1904 ||| DROPPING +0 robe of willpower.
  1905 | D:2      | 1905 ||| READING 2 scrolls labelled ZUIBLEXKUNU.
  1906 | D:2      | 1906 ||| READING scroll labelled BUIBAU TUCW.
  1951 | D:2      | 1951 ||| READING scroll labelled IFOCHU LUPAE.
  1952 | D:2      | 1952 ||| READING scroll labelled JEYTYI UTABIMM.
  2123 | D:3      | Found a basalt altar of Yredelemnul.
  2438 | D:3      | 2438 ||| UPGRADING to amulet of regeneration.
  2443 | D:3      | 2443 ||| READING scroll labelled SIONKE GIKAISCH.
  2444 | D:3      | 2444 ||| READING scroll labelled IDEM HAAGRATE.
  2474 | D:4      | Reached skill level 8 in Ranged Weapons
  2633 | D:4      | Noticed a lemure
  2633 | D:4      | Noticed a lemure
  2633 | D:4      | Noticed Edmund
  2634 | D:4      | Noticed a lemure
  2634 | D:4      | Noticed a lemure
  2636 | D:4      | HP: 2/25 [lemure[Pikel] (7)]
  2638 | D:4      | Noticed Pikel
  2640 | D:4      | Slain by a lemure

Levels and vault maps discovered:
D:1:      spicycebolla_arrival_ecumenical, layout_loops_corners
D:2:      minmay_alternating_diamond, layout_loops_corners, serial_shops, shop,
          minmay_misc_feat_secret_circle
D:3:      layout_rooms, yredelemnul_altar_generic,
          chequers_serial_rivers_large_a
D:4:      layout_basic, kennysheep_mini_moat, pdpol_wu_jian_five_deadly_venoms,
          temple_statues, grunt_decor_clamped, uniq_pikel, uniq_edmund,
          uniq_sigmund

Skill      XL: |  1  2  3  4 |
---------------+-------------+-----
Ranged Weapons | 6 7 8 |  8.0
Dodging        | 3 |  3.1
Fighting       | |  1.5
Stealth        | |  1.2

Action                     |  1- 3 |  4- 6 || total
---------------------------+-------+-------++-------
   Fire: Shortbow          |   109 |    62 ||   171
    Use: Scroll            |     1 |     6 ||     7
 Armour: Leather armour    |     7 |       ||     7
         Ring mail         |     5 |     8 ||    13
  Dodge: Dodged            |    20 |    10 ||    30

Table legend:
 A = Non-vault XP
 B = Vault XP
 C = Vault XP percentage of total XP
 D = Non-vault monster count
 E = Vault monster count
 F = Vault count percentage of total count
                 A         B        C        D         E       F
            +---------+---------+-------+---------+---------+-------
      Total |     187 |       5 |   2.6 |      58 |       4 |   6.5
            +---------+---------+-------+---------+---------+-------
        D:1 |      28 |       0 |   0.0 |      19 |       0 |   0.0
        D:2 |      88 |       5 |   5.4 |      23 |       4 |  14.8
        D:3 |      62 |       0 |   0.0 |      12 |       0 |   0.0
        D:4 |       9 |       0 |   0.0 |       4 |       0 |   0.0
            +---------+---------+-------+---------+---------+-------
